 Dungeon Crawl Stone Soup version 0.28.0 (webtiles) character file.

Game seed: 12975880336941781530

5828 Dorkslayer the Basher (level 10, 0/84 HPs)
             Began as a Hill Orc Fighter on Sept 22, 2022.
             Was an Initiate of Gozag.
             Hit by a javelin thrown by a centaur (8 damage)
             ... in a bailey.
             The game lasted 00:25:01 (10046 turns).

Dorkslayer the Basher (Hill Orc Fighter)           Turns: 10046, Time: 00:25:01

Health: 0/84       AC: 15    Str: 22    XL:     10   Next: 80%
Magic:  19/19      EV:  8    Int:  8    God:    Gozag
Gold:   876        SH:  5    Dex: 12    Spells: 9/9 levels left

rFire   . . .      SeeInvis .   s - +11 flail of the Gloaming {speed, rCorr MP+9}
rCold   . . .      Faith    .   c - +0 buckler
rNeg    + . .      Spirit   .   f - +0 plate armour
rPois   .          Reflect  .   p - +0 helmet
rElec   .          Harm     .   q - +0 cloak
rCorr   +          Rampage  .   (no gloves)
Will    .....                   (no boots)
Stlth   ..........              (no amulet)
HPRegen 0.24/turn               i - ring of positive energy
MPRegen 0.16/turn               (no ring)

@: no status effects
A: no striking features
a: Renounce Religion, Potion Petition, Call Merchant, Bribe Branch


You were in a bailey.
You worshipped Gozag.
Gozag was pleased with you.
You visited 2 branches of the dungeon, and saw 9 of its levels.
You also visited: Bailey.

You collected 978 gold pieces.
You paid 102 gold pieces to Gozag.

Inventory:

Hand Weapons
 a - a +1 war axe
 j - a +4 war axe
 m - a +0 war axe
 n - a +2 vorpal hand axe
 s - the +11 flail of the Gloaming (weapon) {speed, rCorr MP+9}
   (You found it on level 5 of the Dungeon)

   Attacks with this weapon are significantly faster.
   MP:        It affects your magic capacity (+9).
   rCorr:     It protects you from acid and corrosion.
Missiles
 e - 8 javelins (quivered)
Armour
 c - a +0 buckler (worn)
 f - a +0 plate armour (worn)
 p - a +0 helmet (worn)
 q - a +0 cloak (worn)
Jewellery
 i - a ring of positive energy (left hand)
Wands
 h - a wand of polymorph (8)
 x - a wand of iceblast (3)
Scrolls
 d - 3 scrolls of teleportation
 o - 5 scrolls of enchant weapon
Potions
 b - 2 potions of mutation
 l - a potion of resistance
 v - 2 potions of ambrosia {unknown}


   Skills:
 + Level 6.4 Fighting
 + Level 8.3(10.9) Axes
 * Level 9.3(10.3) Maces & Flails
 + Level 7.1 Armour
 * Level 4.8 Dodging
 + Level 1.2 Stealth
 + Level 4.8 Shields
 * Level 6.1 Evocations


You had 9 spell levels left.
You didn't know any spells.
Your spell library contained the following spells:

 Spells                   Type           Power      Damage    Failure   Level
 Magic Dart               Conj           0%         1d3       100%        1
 Call Imp                 Summ           0%         N/A       100%        2
 Call Canine Familiar     Summ           0%         N/A       100%        3
 Inner Flame              Hex/Fire       0%         N/A       100%        3
 Mephitic Cloud           Conj/Pois/Air  0%         N/A       100%        3
 Portal Projectile        Hex/Tloc       0%         N/A       100%        3
 Cause Fear               Hex            0%         N/A       100%        4
 Leda's Liquefaction      Hex/Erth       0%         N/A       100%        4
 Discord                  Hex            0%         N/A       100%        8


Dungeon Overview and Level Annotations

Branches:
Dungeon (8/15)             Temple (1/1) D:6            Lair (0/6) D:8
 Bailey (1/1)

Altars:
Ashenzari
Cheibriados
Elyvilon
Fedhas
Gozag
Hepliaklqana
Kikubaaqudgha
Okawaru
Qazlal
Ru
Sif Muna
Vehumet
Wu Jian
Yredelemnul
Zin
The Shining One


Message History

The orc dies!
You hear a splash. x2
Items here: $ ( ) [.
The centaur throws a javelin.
The javelin closely misses you.
The centaur throws a javelin.
The javelin completely misses you.
The centaur throws a javelin.
The javelin pierces through you.
The centaur is distracted by your dazzling golden aura.
The centaur throws a javelin.
The javelin pierces through you but does no damage.
The javelin pierces through the centaur!
The centaur throws a javelin.
The javelin pierces through you!
The centaur throws a javelin.
The javelin pierces through you.
The centaur throws a javelin.
The javelin pierces through you!
The centaur is no longer distracted by gold.
The centaur shouts!
The centaur throws a javelin.
The javelin barely misses you.
The centaur throws a javelin.
The javelin pierces through you!
The centaur throws a javelin.
The javelin pierces through you but does no damage.
The centaur throws a javelin.
The javelin pierces through you but does no damage.
The centaur throws a javelin.
The javelin barely misses you.
The centaur throws a javelin.
The javelin pierces through you.
The centaur throws a javelin.
The javelin pierces through you!
* * * LOW HITPOINT WARNING * * *
The centaur throws a javelin.
The javelin closely misses you.
The centaur throws a javelin.
The javelin pierces through you but does no damage.
The centaur throws a javelin.
The javelin pierces through you.
* * * LOW HITPOINT WARNING * * *
The centaur throws a javelin.
The javelin closely misses you.
The centaur throws a javelin.
The javelin barely misses you.
The centaur throws a javelin.
The javelin barely misses you.
The centaur throws a javelin.
The javelin pierces through you!
* * * LOW HITPOINT WARNING * * *
The centaur throws a javelin.
The javelin completely misses you.
The centaur throws a javelin.
The javelin barely misses you.
The centaur throws a javelin.
The javelin pierces through you!
You die...
Your body crumbles into a pile of gold.

..≈≈≈.≈≈≈..$..≈.≈≈#
....≈≈≈:≈≈≈.....≈.≈≈#
≈.....≈≈≈)≈o≈.....≈.≈≈#
≈.....≈≈≈≈≈≈≈.....≈c≈≈#
≈≈....≈≈≈≈c≈≈....≈≈.≈≈#
.≈.....≈≈≈≈≈.....≈.≈≈≈#
.≈≈.⌠..≈≈≈≈≈..⌠.≈≈.≈≈≈#
≈.≈.....≈≈≈.....≈c≈≈≈≈#
≈.≈≈≈......@..≈≈≈.≈≈≈≈#
≈≈..≈≈≈.....≈≈≈..≈≈≈≈≈#
≈≈≈≈.$≈#...#≈..≈≈≈≈≈≈≈#
≈≈≈≈≈≈$#...#.≈≈≈≈≈≈≈≈##
≈≈≈≈≈≈≈#...#≈≈≈≈≈≈≈≈##
≈≈≈≈≈≈≈#)..#≈≈≈≈≈≈≈##
#########)')#########
##.......)..)).).....##
##...........).........##


You could see an orc warrior and 2 centaurs.

Vanquished Creatures
  Harold (D:7)
  A hydra (D:7)
  A deep elf pyromancer (D:7)
  The ghost of XAssassin321 the Chopper, an amateur MiBe of Trog (D:4)
  3 yaks (D:7)
  2 steam dragons (D:6)
  9 orc warriors (Bailey)
  2 ice beasts (D:6)
  A sky beast (D:7)
  7 centaurs
  A black bear (D:6)
  4 ogres
  Blork the orc (D:4)
  3 scorpions
  4 wights (D:8)
  A howler monkey (D:7)
  A centaur zombie (D:6)
  2 jellies (D:7)
  4 hounds
  An orc priest (D:4)
  Ijyb (D:4)
  3 centaur skeletons
  2 iguanas
  4 orc wizards
  Robin (D:4)
  3 gnolls (D:2)
  5 adders
  A shadow imp (D:5)
  A white imp (D:6)
  An ufetubus (D:4)
  An adder skeleton (D:4)
  2 dart slugs
  2 worms (D:2)
  28 orcs
  5 endoplasms
  3 giant cockroaches
  12 goblins
  4 hobgoblins
  5 jackals (D:2)
  A quokka (D:2)
  5 ball pythons
  5 bats (D:2)
  4 frilled lizards
  11 kobolds
  5 rats
165 creatures vanquished.

Vanquished Creatures (others)
  An orc (Bailey)
1 creature vanquished.

Grand Total: 166 creatures vanquished

Notes
Turn   | Place    | Note
-------+----------+-------------------------------------------
     0 | D:1      | Dorkslayer the Hill Orc Fighter began the quest for the
                  | Orb.
     0 | D:1      | Reached XP level 1. HP: 19/19 MP: 1/1
   717 | D:2      | Reached XP level 2. HP: 26/27 MP: 2/2
   931 | D:2      | Reached XP level 3. HP: 29/33 MP: 3/3
  1113 | D:2      | Reached skill level 1 in Dodging
  1477 | D:2      | Reached XP level 4. HP: 29/40 MP: 4/4
  2268 | D:3      | Found a faded altar of an unknown god.
  2800 | D:4      | Reached XP level 5. HP: 46/46 MP: 5/5
  2810 | D:4      | Noticed an ogre
  2817 | D:4      | Killed an ogre
  2818 | D:4      | Reached skill level 1 in Evocations
  2881 | D:4      | Noticed Blork the orc
  2884 | D:4      | Reached skill level 5 in Axes
  2884 | D:4      | Reached XP level 6. HP: 49/52 MP: 6/6
  2895 | D:4      | Killed Blork the orc
  3271 | D:4      | Found a runed translucent gate.
  3271 | D:4      | Found a runed translucent gate.
  3271 | D:4      | Found a runed translucent gate.
  3272 | D:4      | Noticed XAssassin321's ghost (amateur MiBe)
  3293 | D:4      | Noticed Robin
  3304 | D:4      | Killed Robin
  3571 | D:4      | Found a snail-covered altar of Cheibriados.
  3571 | D:4      | Found a stormy altar of Qazlal.
  3703 | D:4      | Reached XP level 7. HP: 38/60 MP: 7/7
  3946 | D:4      | Noticed Ijyb
  3952 | D:4      | Killed Ijyb
  4225 | D:4      | Killed XAssassin321's ghost
  4438 | D:5      | Entered Level 5 of the Dungeon
  4449 | D:5      | Reached skill level 5 in Armour
  4585 | D:5      | Reached XP level 8. HP: 56/67 MP: 8/8
  4853 | D:5      | Reached skill level 5 in Fighting
  5165 | D:5      | Identified the +11 flail of the Gloaming {speed, rCorr
                  | MP+9}
  5487 | D:6      | Reached skill level 1 in Maces & Flails
  5903 | D:6      | Found a staircase to the Ecumenical Temple.
  5915 | Temple   | Entered the Ecumenical Temple
  5941 | Temple   | Became a worshipper of Gozag Ym Sagoz the Greedy
  6061 | D:6      | Reached skill level 2 in Maces & Flails
  6232 | D:6      | Reached XP level 9. HP: 74/74 MP: 9/9
  6239 | D:6      | Reached skill level 3 in Maces & Flails
  6364 | D:6      | Identified the +6 whip "Zeidgh" {elec, rN+ Int+4}
  6637 | D:7      | Reached skill level 4 in Maces & Flails
  6649 | D:7      | Reached skill level 5 in Maces & Flails
  6686 | D:7      | Noticed a deep elf pyromancer
  6698 | D:7      | Killed a deep elf pyromancer
  6699 | D:7      | Reached skill level 6 in Maces & Flails
  6699 | D:7      | Reached skill level 1 in Stealth
  6699 | D:7      | Reached skill level 5 in Evocations
  7070 | D:7      | Found a radiant altar of Vehumet.
  7081 | D:7      | Found an ancient bone altar of Kikubaaqudgha.
  7093 | D:7      | Found a shimmering blue altar of Sif Muna.
  7093 | D:7      | Noticed Harold
  7111 | D:7      | Killed Harold
  7112 | D:7      | Reached skill level 7 in Maces & Flails
  7112 | D:7      | Reached XP level 10. HP: 45/83 MP: 10/10
  7347 | D:7      | Noticed a five-headed hydra
  7361 | D:7      | Killed a five-headed hydra
  7362 | D:7      | Reached skill level 8 in Maces & Flails
  7822 | D:8      | Noticed a two-headed ogre
  7828 | D:8      | Noticed a water nymph
  7828 | D:8      | a two-headed ogre changed into a water nymph
  7847 | D:8      | HP: 2/83 [water nymph/the raging water (19)]
  7851 | D:8      | Found a flagged portal.
  7868 | Bailey   | Entered a bailey
  7874 | Bailey   | HP: 3/84 [centaur/javelin (4)]
  9098 | Bailey   | Reached skill level 9 in Maces & Flails
 10046 | Bailey   | Hit by a javelin thrown by a centaur

Illustrated notes

Levels and vault maps discovered:
D:1:      dpeg_arrival_rooms_c, layout_loops_ring
D:2:      layout_rooms, minmay_pentomino_w2
D:3:      layout_basic, chequers_ecumenical_altar_simple_redux
D:4:      minmay_opposing_rooms, layout_loops_ring,
          mainiacjoe_overflow_divided_tiny, gammafunk_ghost_split,
          chequers_hall_statues_y, uniq_blork_the_orc, uniq_robin, uniq_ijyb
D:5:      layout_loops_ring, minmay_misc_feat_nine_boxes
D:6:      cheibrodos_steamvent, layout_gridville, minmay_temple_entry_nine_rooms
D:7:      layout_rooms, palyth_temple_overflow_mages, minmay_diced_spiral,
          uniq_harold
D:8:      layout_rooms, kb_xom_exploding_sheep, mainiacjoe_overflow_big_doors,
          lair_entry_dummy, enter_bailey_5, uniq_psyche, uniq_gastronok,
          uniq_maggie
Temple:   minmay_temple_bridge_abc
Bailey:   bailey_polearm_flooded_kennysheep, bailey

Skill      XL: |  1  2  3  4  5  6  7  8  9 10 |
---------------+-------------------------------+-----
Axes           | 3 4 5 6 7 8 |  8.3
Dodging        | 1 2 3 4 |  4.8
Fighting       | 4 5 6 |  6.4
Armour         | 4 5 6 7 |  7.1
Evocations     | 1 2 4 5 6 |  6.1
Shields        | 4 |  4.8
Maces & Flails | 2 7 9 |  9.3
Stealth        | 1 |  1.2

Action                   |  1- 3 |  4- 6 |  7- 9 | 10-12 || total
-------------------------+-------+-------+-------+-------++-------
Melee: War axe           |   112 |    63 |       |       ||   175
       Hand axe          |       |    54 |   101 |       ||   155
       Flail             |       |       |    96 |   115 ||   211
Throw: Javelin           |       |       |       |     1 ||     1
Evoke: Wand              |       |     7 |    23 |    38 ||    68
  Use: Potion            |     3 |     1 |     8 |     3 ||    15
       Scroll            |       |     8 |    12 |     4 ||    24
 Stab: Distracted        |       |       |       |     1 ||     1
Armor: Scale mail        |    85 |     6 |       |       ||    91
       Chain mail        |       |    47 |    72 |    48 ||   167
       Plate armour      |       |       |       |    28 ||    28
Dodge: Dodged            |    71 |    47 |    53 |    67 ||   238
Block: Buckler           |    31 |    21 |    19 |    33 ||   104
